 Dungeon Crawl Stone Soup version 0.26-a0-599-gc8f6553d2c (webtiles) character file.

Game seed: 7270382334655057062

784979 Mitsuki the Conqueror (level 27, -7/199 HPs)
             Began as a Gargoyle Fighter on Aug 21, 2020.
             Was the Champion of the Shining One.
             Killed from afar by a hellion (34 damage)
             ... with damnation
             ... summoned by Dispater
             ... on level 7 of the Iron City of Dis on Aug 29, 2020.
             The game lasted 06:13:53 (75804 turns).

Mitsuki the Conqueror (Gargoyle Fighter)           Turns: 75804, Time: 06:13:54

Health: -7/199     AC: 55    Str: 24    XL:     27
Magic:  28/40      EV: 15    Int: 14    God:    the Shining One [******]
Gold:   4730       SH: 38    Dex: 11    Spells: 26/26 levels left

rFire    + + .     SeeInvis .   a - +9 sacred scourge (holy)
rCold    + + .     Faith    .   L - +2 kite shield {reflect}
rNeg     + + +     Spirit   .   w - +7 chain mail of Hangman {rElec rC+}
rPois    ∞         Reflect  +   j - +0 helmet
rElec    +         Harm     .   s - +0 cloak {rC+}
rCorr    .                      D - +2 pair of gloves
MR       +++++                  (no boots)
Stlth    ..........             T - amulet of regeneration
HPRegen  0.83/turn              v - ring of protection from fire
MPRegen  0.27/turn              e - ring of Girajagiyt {rF+ MR+++ Str-4 Dex+2}

@: mighty, divine shield, glowing, studying Crossbows
A: big wings, hooves 2, large bone plates 1, clever 1, negative energy
resistance 1, shaggy fur 2, electricity resistance, weak 1, unbreathing,
petrification resistance, rot immunity, AC +20
}: 4/15 runes: decaying, serpentine, slimy, icy
a: Fly, Divine Shield, Cleansing Flame, Summon Divine Warrior, Renounce Religion


You were on level 7 of the Iron City of Dis.
You worshipped the Shining One.
The Shining One was exalted by your worship.
You visited 13 branches of the dungeon, and saw 64 of its levels.
You visited the Abyss 1 time.
You also visited: Ossuary, Ice Cave and Wizlab.

You collected 6984 gold pieces.
You spent 2254 gold pieces at shops.

Inventory:

Hand Weapons
 a - a +9 sacred scourge of holy wrath (weapon)
Missiles
 E - 3 curare-tipped darts
 H - 6 throwing nets (quivered)
Armour
 d - the +2 ice dragon scales of Yvia {rF- rC++ Int+4, unknown}
   (You found it on level 7 of the Iron City of Dis)

   It affects your intelligence (+4).
   It makes you vulnerable to fire.
   It greatly protects you from cold.
 j - a +0 helmet (worn)
 m - the +0 pair of gloves "Waconayd" {rPois MR+++ rCorr Str-4, unknown}
   (You found it on level 7 of the Iron City of Dis)

   It affects your strength (-4).
   It protects you from poison.
   It affects your resistance to hostile enchantments.
   It provides partial protection from all sources of acid and corrosion.
 s - a +0 cloak of cold resistance (worn)
 t - a +1 pair of boots of running
 w - the +7 chain mail of Hangman (worn) {rElec rC+}
   (You found it on level 1 of the Vaults)

   It protects you from cold.
   It insulates you from electricity.
 D - a +2 pair of gloves (worn)
 L - a +2 kite shield of reflection (worn)
Jewellery
 b - the ring "Fatorod" {Fire Str+4, unknown}
   (You found it on level 7 of the Iron City of Dis)

   [ring of fire]

   It enhances your fire magic.
   It affects your strength (+4).
   It protects you from fire.
   It makes you vulnerable to cold.
 e - the ring of Girajagiyt (right hand) {rF+ MR+++ Str-4 Dex+2}
   (You took it off a deep elf elementalist on level 3 of the Elven Halls)

   [ring of protection from fire]

   It affects your strength (-4).
   It affects your dexterity (+2).
   It protects you from fire.
   It affects your resistance to hostile enchantments.
 l - the ring "Waneet" {rC+ MP+9}
   (You found it on level 7 of Cocytus)

   [ring of protection from cold]

   It protects you from cold.
   It affects your magic capacity (+9).
 q - an uncursed ring of resist corrosion
 v - a ring of protection from fire (left hand)
 T - an amulet of regeneration (around neck)
Wands
 r - a wand of iceblast (27)
 x - a wand of acid (32)
 y - a wand of disintegration (30)
 J - a wand of digging (34)
Scrolls
 c - 23 scrolls of teleportation
 i - 7 scrolls of fear
 p - 3 scrolls of blinking
 F - 10 scrolls of fog
 G - 5 scrolls of summoning
 K - 3 scrolls of silence
Potions
 k - 5 potions of might
 n - 23 potions of curing
 A - 6 potions of heal wounds
 C - 4 potions of haste
 N - 4 potions of resistance
Books
 f - a manual of Crossbows
Miscellaneous
 g - a tin of tremorstones (2/3)
 h - a phial of floods
 u - a lightning rod (4/4)
 P - a phantom mirror
 S - a box of beasts (3/3)


   Skills:
 O Level 27 Fighting
 + Level 22.4 Maces & Flails
 + Level 25.2 Armour
 + Level 13.4 Dodging
 + Level 18.5 Shields
 O Level 27 Invocations
 - Level 10.0 Evocations


You had 26 spell levels left.
You didn't know any spells.
Your spell library contained the following spells:

 Spells                   Type           Power        Failure   Level
 Animate Skeleton         Necr           #.....       58%         1
 Apportation              Tloc           #.....       58%         1
 Beastly Appendage        Tmut           #.....       58%         1
 Corona                   Hex            #......      58%         1
 Foxfire                  Conj/Fire      #...         58%         1
 Freeze                   Ice            #...         58%         1
 Magic Dart               Conj           #...         58%         1
 Pain                     Necr           #...         58%         1
 Shock                    Conj/Air       #...         58%         1
 Blink                    Tloc           N/A          73%         2
 Corpse Rot               Necr/Air       N/A          73%         2
 Ensorcelled Hibernation  Hex/Ice        #.....       73%         2
 Poisonous Vapours        Pois/Air       #.....       73%         2
 Searing Ray              Conj           #.....       73%         2
 Slow                     Hex            #.......     73%         2
 Swiftness                Air            #.......     73%         2
 Wereblood                Tmut           #.......     73%         2
 Confusing Touch          Hex            #.......     91%         3
 Conjure Flame            Conj/Fire      #.......     91%         3
 Dazzling Flash           Conj/Hex       #.....       91%         3
 Frozen Ramparts          Ice            #.....       91%         3
 Gell's Gravitas          Tloc           #.........   91%         3
 Ignite Poison            Fire/Tmut/Pois #.......     91%         3
 Inner Flame              Hex/Fire       #.......     91%         3
 Lesser Beckoning         Tloc           #.........   91%         3
 Mephitic Cloud           Conj/Pois/Air  #.......     91%         3
 Ozocubu's Armour         Ice            #.......     91%         3
 Portal Projectile        Hex/Tloc       #.....       91%         3
 Spider Form              Tmut/Pois      #.........   91%         3
 Static Discharge         Conj/Air       #.......     91%         3
 Stone Arrow              Conj/Erth      #.....       91%         3
 Teleport Other           Tloc           #.......     91%         3
 Tukima's Dance           Hex            #.......     91%         3
 Vampiric Draining        Necr           #.........   91%         3
 Airstrike                Air            #.........   100%        4
 Animate Dead             Necr           #.........   100%        4
 Cause Fear               Hex            #.........   100%        4
 Dispel Undead            Necr           #.......     100%        4
 Fulminant Prism          Conj/Hex       #.........   100%        4
 Hailstorm                Conj/Ice       #.......     100%        4
 Ice Form                 Ice/Tmut       #.......     100%        4
 Iskenderun's Mystic Bla  Conj/Tloc      #.......     100%        4
 Leda's Liquefaction      Hex/Erth       #.........   100%        4
 Passage of Golubria      Tloc           N/A          100%        4
 Petrify                  Tmut/Erth      #.......     100%        4
 Sticky Flame             Conj/Fire      #.......     100%        4
 Summon Ice Beast         Ice/Summ       #.......     100%        4
 Agony                    Necr           #.......     100%        5
 Alistair's Intoxication  Tmut/Pois      #........    100%        5
 Blade Hands              Tmut           #.........   100%        5
 Bolt of Magma            Conj/Fire/Erth #.........   100%        5
 Borgnjor's Vile Clutch   Necr/Erth      #.........   100%        5
 Excruciating Wounds      Necr           #.........   100%        5
 Fireball                 Conj/Fire      #.........   100%        5
 Irradiate                Conj/Tmut      #.........   100%        5
 Iskenderun's Battlesphe  Conj           #.......     100%        5
 Lightning Bolt           Conj/Air       #.........   100%        5
 Metabolic Englaciation   Hex/Ice        #.........   100%        5
 Summon Forest            Summ/Tloc      #.........   100%        5
 Summon Mana Viper        Hex/Summ       #.......     100%        5
 Yara's Violent Unravell  Hex/Tmut       #.........   100%        5
 Conjure Ball Lightning   Conj/Air       #.........   100%        6
 Death Channel            Necr           #.........   100%        6
 Dispersal                Tloc           #.........   100%        6
 Eringya's Noxious Bog    Tmut/Pois      #.........   100%        6
 Freezing Cloud           Conj/Ice/Air   #.........   100%        6
 Hydra Form               Tmut           #.........   100%        6
 Invisibility             Hex            #.......     100%        6
 Iron Shot                Conj/Erth      #.........   100%        6
 Ozocubu's Refrigeration  Ice            #.........   100%        6
 Simulacrum               Ice/Necr       #.........   100%        6
 Starburst                Conj/Fire      #.........   100%        6
 Dragon Form              Tmut           #.........   100%        7
 Orb of Destruction       Conj           #.........   100%        7
 Spellforged Servitor     Conj/Summ      #.........   100%        7
 Disjunction              Tloc           #.........   100%        8
 Ignition                 Fire           #.........   100%        8
 Dragon's Call            Summ           #.........   100%        9
 Shatter                  Erth           #.........   100%        9
 Sublimation of Blood     Necr           Unusable     N/A         2
 Statue Form              Tmut/Erth      Unusable     N/A         6

Dungeon Overview and Level Annotations

Branches:
Dungeon (15/15)            Temple (1/1) D:6            Lair (6/6) D:9
  Swamp (4/4) Lair:3        Snake (4/4) Lair:4        Slime (5/5) Lair:6
    Orc (2/2) D:11            Elf (3/3) Orc:2        Vaults (4/5) D:13
  Crypt (0/3) Vaults:3     Depths (5/5) D:15           Hell (visited)
    Dis (7/7) Hell            Geh (0/7) Hell            Coc (7/7) Hell
    Tar (0/7) Hell            Zot (0/5) Depths:5    Ossuary (visited)
  IceCv (visited)          WizLab (visited)

Altars:
Ashenzari
Cheibriados
Dithmenos
Elyvilon
Fedhas
Gozag
Hepliaklqana
Kikubaaqudgha
Makhleb
Nemelex Xobeh
Okawaru
Qazlal
Ru
Sif Muna
Trog
Uskayaw
Vehumet
Wu Jian
Xom
Yredelemnul
Zin
The Shining One
Beogh
Jiyva

Shops:
D:11 (   D:15 (   Orc:2 ?[*   Snake:2 [   Vaults:1 :   Vaults:2 *   Vaults:4 (
Depths:2 !

Portals:
Hell: Depths:1 Depths:2 Depths:3 Depths:4 Depths:5
Abyss: Depths:1 Depths:4
Pandemonium: Depths:3
Ziggurat: Depths:1

Annotations:
Dis:7 Dispater


Innate Abilities, Weirdness & Mutations

You are resistant to torment.
Your stone body is resilient. (AC +20)
You are immune to poison.
Your large and strong wings let you fly indefinitely.
You resist negative energy. (rN+)
You are resistant to electric shocks. (rElec)
You can survive without breathing.
You are immune to petrification.
You are immune to rotting.
You have hoof-like feet.
You are partially covered in large bone plates. (SH +4)
Your mind is acute. (Int +2)
You are covered in thick fur. (AC +2)
You are weak. (Str -2)


Message History

Evoke which item? (* to show all) (? for menu, Esc to quit)
Aiming: Corrosive Bolt
Press: ? - help, Shift-Dir - straight line, f/p - Dispater
Aim: Dispater, wielding the +4 staff of Dispater and wearing an uncursed amulet of the acrobat (almost dead, haloed)
The bolt of acid hits Dispater but does no damage.
Dispater is almost dead.
The hellion gestures at you.
The sphere of damnation explodes!
The damnation engulfs you!! The Shining One protects you from harm!
Evoke which item? (* to show all) (? for menu, Esc to quit)
The tremorstone explodes into fragments!
The burst of rock shards engulfs Dispater but does no damage.
The burst of rock shards engulfs the hellion! x2
The burst of rock shards engulfs Dispater but does no damage.
The burst of rock shards engulfs the hellion!
The burst of rock shards engulfs Dispater but does no damage.
The burst of rock shards engulfs the hellion!
The hellion gestures at you.
The sphere of damnation explodes!
The damnation engulfs you!!
You die...

..#...##...#.#....#.#....#
##########################
.#.......................#
##.......................#
)'.......................#
.#.......................#
##......##############...#
.#......#............#...#
.#..A...#.......@&...#...#
.#..#####..#########2###.#
.#..'.#....#....&A.....#.#
.#..'A#....#........2..#.#
.#..#....###..#######..#.#
##..#....#....# #..#.#
.#..#....#....# #..#.#
.#..#....#....'$=&[$#..#.#
##..#....#....#$|))$#..#.#


You could see Dispater and a hellion (summoned).

Vanquished Creatures
  Antaeus (Coc:7)
  An ancient lich (Depths:3)
  17 shard shrikes
  Bai Suzhen (Vaults:2)
  Vashnia (Snake:4)
  Geryon (Hell)
  A golden dragon (Depths:5)
  9 bone dragons
  5 Brimstone Fiends
  Nikola (Swamp:1)
  7 iron giants
  The ghost of Viusuagh the Fencer, an adept MiSk of Cheibriados (Vaults:2)
  The ghost of Vusucy the Earth Mage, an adept GrEE of Sif Muna (Vaults:2)
  3 Tzitzimimeh
  A tentacled monstrosity (Depths:4)
  A Cloud Mage (WizLab)
  Jorgrun (Swamp:2)
  10 Hell Sentinels
  Rupert (D:14)
  32 Ice Fiends
  Asterion (Vaults:2)
  2 deep elf master archers (Elf:3)
  5 deep elf blademasters
  The ghost of Siugipix the Earth Mage, an adept GrEE of Gozag (Vaults:2)
  17 acid blobs
  2 liches
  Murray (Hell)
  2 Executioners
  A tentacled starspawn (Abyss:2)
  3 sphinxes
  Frances (Snake:2)
  15 ancient champions
  A thorn hunter (Swamp:4)
  Agnes (Elf:1)
  2 storm dragons (Depths:2)
  6 tengu reavers
  A shadow dragon (Depths:4)
  7 nagarajas
  A revenant (Hell)
  9 azure jellies
  A draconian knight (Depths:5)
  The ghost of Plog the Eviscerator, an adept FeBe of Trog (Vaults:2)
  The ghost of Lofupn the Imperceptible, an adept SpEn of Wu Jian (Vaults:1)
  6 fire giants
  5 frost giants
  2 balrugs (Hell)
  An orc warlord (Orc:2)
  10 deep elf sorcerers
  6 vault wardens
  Aizul (Vaults:4)
  5 cacodemons
  8 iron dragons (Dis:7)
  16 very ugly things
  A draconian stormcaller (Depths:5)
  7 deep elf elementalists (Elf:3)
  4 spriggan defenders
  4 war gargoyles
  A ghoul (Vaults:3)
  15 ironheart preservers
  72 reapers
  4 elemental wellsprings
  19 stone giants
  The ghost of GeoCrane the Severer, a journeyman MiFi of Okawaru (Lair:2)
  13 deep elf annihilators
  A minotaur (Lair:2)
  8 deep elf demonologists
  The ghost of Fyemolisk the Swashbuckler, a journeyman KoGl of Okawaru (Lair:3)
  7 vampire knights
  A lorocyproca (Hell)
  7 spark wasps
  A yellow draconian (Depths:5)
  Azrael (Snake:2)
  2 red draconians (Depths:5)
  A black draconian (Depths:5)
  2 white draconians (Depths:5)
  2 crystal guardians (Depths:3)
  2 merfolk impalers (Depths:3)
  Snorg (Lair:3)
  22 blizzard demons
  5 death oozes (Slime:5)
  4 green deaths
  4 deep elf high priests
  5 deep elf death magi
  10 ettins
  5 great orbs of eyes
  7 vault guards
  14 yaktaur captains
  7 quicksilver dragon zombies
  13 fire dragons
  5 kraken zombies
  27 ice dragons
  14 hydras
  3 ghost crabs
  4 quicksilver dragon skeletons
  4 spriggan air magi
  4 shambling mangroves
  6 centaur warriors
  2 rakshasas
  9 naga warriors
  12 anacondas
  3 death knights
  A two-headed ogre (shapeshifter) (Depths:4)
  36 two-headed ogres
  20 death yaks
  7 deep troll shamans
  29 dancing weapons
  A catoblepas (Lair:4)
  4 spriggan berserkers
  12 titan zombies
  13 ogre magi
  8 hell hogs
  16 alligators
  21 deep troll earth magi
  12 tengu warriors
  5 soul eaters
  16 naga sharpshooters
  A vampire mage (Depths:2)
  13 shock serpents
  4 sun demons (Hell)
  3 orc high priests
  A titan skeleton (Coc:5)
  32 hell knights
  2 iron golems (Depths:1)
  2 shadow wraiths
  8 small abominations
  8 storm dragon zombies
  32 deep elf knights
  2 sixfirhies (Hell)
  11 iron trolls
  2 salamander mystics (Snake:4)
  A sea snake (shapeshifter) (Depths:1)
  2 death drakes (WizLab)
  180 skeletal warriors
  3 storm dragon skeletons
  An unseen horror (shapeshifter) (Depths:1)
  7 golden dragon zombies
  2 spriggan druids (Swamp:4)
  5 naga ritualists
  6 unseen horrors
  58 deep trolls
  An infernal demonspawn (Depths:3)
  21 deep elf archers
  A ghost moth zombie (Dis:7)
  14 ironbrand convokers
  6 shadow demons
  A death drake (shapeshifter) (Vaults:3)
  8 wizards
  7 swamp dragons
  17 flayed ghosts
  5 glowing orange brains
  A lindwurm (shapeshifter) (Vaults:3)
  3 spectral hydras (Swamp:4)
  11 orc knights
  A harpy (shapeshifter) (Vaults:1)
  4 lindwurms
  2 golden dragon skeletons
  10 shadow dragon zombies
  18 anaconda zombies
  8 necromancers
  An orb spider (shapeshifter) (Depths:1)
  Pikel (D:5)
  9 harpies
  8 wolf spider zombies
  2 kraken simulacra (Coc:7)
  17 mana vipers
  8 phantasmal warriors
  16 stone giant zombies
  6 anaconda skeletons
  13 fire giant zombies
  5 cyclopes
  12 frost giant zombies
  4 shadow dragon skeletons
  7 iron dragon zombies
  7 oklob plants
  70 deep elf magi
  2 orc sorcerers
  74 ugly things
  A wolf spider (Vaults:3)
  5 shining eyes
  A moth of wrath (shapeshifter) (Depths:3)
  2 manticores
  9 dire elephant zombies
  3 salamanders
  2 worldbinders (Abyss:2)
  3 stone giant skeletons
  A black mamba (shapeshifter) (Vaults:2)
  11 guardian serpents
  An iron dragon skeleton (Coc:4)
  A guardian serpent (shapeshifter) (Elf:1)
  4 apocalypse crabs (WizLab)
  31 black mambas
  7 frost giant skeletons
  A smoke demon (Hell)
  16 vault sentinels
  2 eyes of devastation
  13 elephants
  6 gargoyles
  53 rust devils
  21 naga magi
  3 ice statues (Coc:7)
  6 storm dragon simulacra
  2 cane toads (shapeshifter)
  2 molten gargoyles (Lair:6)
  A torpor snail (Lair:6)
  5 fire giant skeletons
  An orange demon (Hell)
  23 cane toads
  2 titan simulacra (Coc:7)
  Maggie (D:8)
  3 emperor scorpion zombies
  4 dire elephant skeletons
  22 hellions
  56 yaktaurs
  69 tormentors
  A komodo dragon (shapeshifter) (D:15)
  2 rime drakes
  A golden dragon simulacrum (Coc:1)
  51 freezing wraiths
  2 efreet
  18 komodo dragons
  A hellwing (Depths:3)
  66 ice devils
  5 anaconda simulacra
  17 red devils
  6 tengu conjurers
  3 harpy zombies
  11 trolls
  A wind drake (shapeshifter) (Vaults:2)
  13 hornets
  33 hydra zombies
  A jumping spider (shapeshifter) (Vaults:2)
  A death drake zombie (Swamp:4)
  7 fire dragon zombies
  14 tyrant leeches
  2 wind drakes (WizLab)
  3 harpy skeletons
  A wolf spider simulacrum (IceCv)
  3 hydra skeletons
  14 bog bodies
  20 blink frogs
  A hippogriff (shapeshifter) (Depths:3)
  A stone giant simulacrum (Vaults:1)
  13 alligator zombies
  13 ettin zombies
  87 slime creatures
  A deep troll zombie (Depths:1)
  A snapping turtle (shapeshifter) (Vaults:1)
  A human simulacrum (Vaults:3)
  6 hippogriffs
  16 ice dragon zombies
  2 dream sheep (Lair:6)
  A fire giant simulacrum (Coc:7)
  5 fire dragon skeletons
  3 ice dragon skeletons
  17 air elementals
  2 ettin skeletons
  Sigmund (D:5)
  3 black mamba zombies
  90 flying skulls
  6 spriggans
  A spriggan (shapeshifter) (Vaults:4)
  4 wyverns
  4 alligator skeletons
  10 large abominations
  43 wraiths
  21 shadows
  3 basilisks
  33 water elementals
  47 yaks
  A golden eye (Slime:5)
  Grum (D:6)
  A chaos spawn (Depths:4)
  14 fire elementals
  A steam dragon (Lair:6)
  6 vampire mosquitoes (Swamp:4)
  7 wargs
  24 nagas
  11 swamp worms
  2 acid dragons (Vaults:2)
  15 insubstantial wisps
  10 water moccasins
  56 hell hounds
  13 hydra simulacra
  18 cane toad zombies
  A floating eye (Slime:5)
  9 swamp drakes
  A torturous demonspawn skeleton (Dis:3)
  9 porcupines
  A merfolk skeleton (Coc:4)
  40 orc warriors
  A sky beast (D:6)
  32 ice beasts
  An ettin simulacrum (Coc:7)
  3 cane toad skeletons
  3 eyes of draining
  A black bear (D:10)
  7 phantoms
  4 snapping turtle zombies
  3 swamp dragon zombies
  A fire dragon simulacrum (Coc:3)
  3 manticore zombies
  10 necrophages
  An alligator simulacrum (IceCv)
  2 ice dragon simulacra
  12 boggarts
  48 ogres
  5 swamp dragon skeletons
  7 crocodiles
  4 manticore skeletons
  4 snapping turtle skeletons
  11 centaurs
  3 big kobolds
  A bullfrog (shapeshifter) (Depths:3)
  3 earth elementals
  15 bullfrogs
  3 gnoll sergeants (D:6)
  3 cane toad simulacra
  A water moccasin skeleton (D:8)
  10 scorpions
  3 troll zombies
  A snapping turtle simulacrum (Coc:1)
  An elephant simulacrum (IceCv)
  17 killer bees
  A swamp dragon simulacrum (Hell)
  75 wights
  2 electric eels
  7 centaur zombies
  5 lava snakes (Lair:6)
  A bullfrog zombie (D:12)
  2 draconian simulacra (IceCv)
  3 human zombies
  A quasit (D:13)
  3 bullfrog skeletons
  51 iron imps
  26 orc wizards
  Crazy Yiuf (D:4)
  6 jellies
  2 gnoll shamans (D:6)
  20 orc priests
  17 hounds
  2 iguanas
  5 centaur skeletons
  Terence (D:3)
  A spriggan simulacrum (IceCv)
  12 worker ants
  2 troll simulacra (IceCv)
  A wolf simulacrum (IceCv)
  2 ogre zombies
  2 tengu zombies
  2 hound skeletons
  18 mummies
  2 worker ant zombies
  11 adders
  15 gnolls
  3 naga simulacra (IceCv)
  A howler monkey skeleton (D:8)
  An ogre simulacrum (IceCv)
  A shadow imp (D:8)
  35 white imps
  3 oozes
  4 worms
  3 adder skeletons
  4 dart slugs
  7 leopard geckos
  129 orcs
  2 ball pythons
  16 bats
  4 giant cockroaches
  3 gnoll zombies (Ossuary)
  7 goblins
  12 hobgoblins
  15 jackals
  9 quokkas
  7 frilled lizards
  A goblin zombie (Ossuary)
  A jackal skeleton (D:4)
  20 kobolds
  A leopard gecko zombie (D:8)
  An orc zombie (Ossuary)
  2 quokka skeletons
  A quokka zombie (D:5)
  4 rats
  A briar patch (Swamp:4)
  2 bushes (Lair:2)
  3 crawling corpses
  12 tentacles
3799 creatures vanquished.

Vanquished Creatures (collateral kills)
  the Royal Jelly (Slime:5)
  A bone dragon (Dis:7)
  2 Hell Sentinels (Dis:7)
  An iron giant (Dis:7)
  A Brimstone Fiend (Dis:7)
  An acid blob (Slime:5)
  A thorn hunter (Swamp:4)
  2 ancient champions (Dis:7)
  A nagaraja (Snake:4)
  3 azure jellies (Slime:5)
  A balrug (Dis:7)
  A cacodemon (Dis:7)
  2 reapers (Dis:7)
  A black draconian (Depths:5)
  A death ooze (Slime:5)
  A fire dragon (Depths:5)
  2 ice dragons (Coc:7)
  A hydra (Swamp:4)
  A spriggan air mage (WizLab)
  A shambling mangrove (Swamp:4)
  A tengu warrior (D:15)
  A deep troll earth mage (Depths:5)
  3 spriggans (Swamp:4)
  3 skeletal warriors
  2 salamander mystics (Snake:4)
  2 spriggan druids (Swamp:4)
  An anaconda zombie (Coc:7)
  A spectral hydra (Swamp:4)
  A kraken simulacrum (Coc:7)
  2 swamp dragons (Swamp:4)
  A naga ritualist (Snake:4)
  A shadow dragon zombie (Coc:7)
  A necromancer (IceCv)
  A phantasmal warrior (Coc:7)
  An orc knight (D:15)
  A wolf spider zombie (Dis:7)
  An ugly thing (D:15)
  A frost giant zombie (Dis:7)
  An orc sorcerer (Orc:2)
  2 rust devils (Dis:7)
  A black mamba (Snake:4)
  2 naga magi (Snake:4)
  An ice statue (IceCv)
  A guardian serpent (Snake:4)
  A titan simulacrum (Coc:7)
  A shock serpent zombie (Dis:7)
  3 freezing wraiths
  2 tormentors (Dis:7)
  An ice devil (Coc:7)
  An anaconda simulacrum (Coc:7)
  3 hydra zombies
  3 hornets (Swamp:4)
  2 death drake zombies (Swamp:4)
  2 slime creatures (Slime:5)
  A hydra skeleton (Coc:7)
  2 alligator zombies (Coc:7)
  5 flying skulls
  2 wraiths
  A warg (D:15)
  A naga (Snake:4)
  4 orc warriors (Orc:2)
  2 swamp dragon zombies (Swamp:4)
  An ogre (Orc:2)
  An ice beast (Coc:7)
  3 wights
  5 draconian simulacra (IceCv)
  An orc wizard (Orc:2)
  2 iron imps (Dis:7)
  3 troll simulacra (IceCv)
  A centaur simulacrum (IceCv)
  2 naga simulacra (IceCv)
  4 white imps (IceCv)
  10 orcs (Orc:2)
  A tentacle (Coc:7)
130 creatures vanquished.

Vanquished Creatures (others)
  A nagaraja (Snake:4)
  A fire giant (Depths:4)
  A deep elf sorcerer (Elf:3)
  2 ice dragons (Coc:7)
  A ghost crab (WizLab)
  An anaconda (Snake:4)
  2 hell hogs
  An ogre mage (Depths:3)
  A shock serpent (Snake:4)
  A lindwurm (Snake:4)
  A black mamba (Snake:4)
  A deep elf mage (Elf:2)
  An apocalypse crab (WizLab)
  A tormentor (Dis:7)
  A hydra zombie (Coc:7)
  A hornet (Swamp:4)
  A shadow (Swamp:3)
  A spriggan (Swamp:4)
  4 flying skulls
  A steam dragon (Lair:6)
  A centaur (Depths:1)
  2 iron imps
  An orc (D:15)
  A kobold zombie (Dis:3)
  26 fungi
  62 plants
  2 starspawn tentacles (Abyss:2)
  27 tentacles
  4 withered plants
151 creatures vanquished.

Grand Total: 4080 creatures vanquished

Notes
Turn   | Place    | Note
-------+----------+-------------------------------------------
     0 | D:1      | Mitsuki the Gargoyle Fighter began the quest for the Orb.
     0 | D:1      | Reached XP level 1. HP: 14/14 MP: 1/1
   128 | D:1      | Reached XP level 2. HP: 14/19 MP: 2/2
   321 | D:1      | Reached XP level 3. HP: 22/23 MP: 3/3
   853 | D:2      | Reached XP level 4. HP: 27/29 MP: 4/4
  1439 | D:3      | Reached XP level 5. HP: 28/33 MP: 5/5
  1799 | D:3      | Noticed Terence
  1812 | D:3      | Killed Terence
  2574 | D:4      | Noticed a phantom
  2696 | D:4      | Killed a phantom
  2696 | D:4      | Reached XP level 6. HP: 33/39 MP: 6/6
  2950 | D:4      | Upgraded the game from 0.26-a0-572-g753d7e3450 to
                  | 0.26-a0-591-g04f19ec95a
  3111 | D:4      | Reached skill level 5 in Armour
  3111 | D:4      | Reached skill level 5 in Shields
  3358 | D:4      | Reached XP level 7. HP: 44/44 MP: 7/7
  3369 | D:4      | Reached skill level 5 in Fighting
  3399 | D:4      | Found a runed translucent door.
  3400 | D:4      | Noticed Crazy Yiuf
  3412 | D:4      | Killed Crazy Yiuf
  3797 | D:5      | Entered Level 5 of the Dungeon
  4062 | D:5      | Reached XP level 8. HP: 51/51 MP: 8/8
  4135 | D:5      | Noticed Sigmund
  4379 | D:5      | Killed Sigmund
  4379 | D:5      | Reached skill level 5 in Maces & Flails
  4604 | D:5      | Found a hazy altar of Hepliaklqana.
  5204 | D:6      | Noticed Pikel
  5296 | D:5      | Killed Pikel
  5296 | D:5      | Reached skill level 1 in Evocations
  5296 | D:5      | Reached XP level 9. HP: 50/57 MP: 9/9
  5621 | D:6      | Found a staircase to the Ecumenical Temple.
  5621 | D:6      | You fall into a shaft and drop 2 floors!
  5621 | D:8      | Noticed Maggie
  5939 | D:7      | Found a sand-covered staircase.
  5945 | Ossuary  | Entered an ossuary
  6326 | Temple   | Entered the Ecumenical Temple
  6566 | Temple   | Became a worshipper of the Shining One
  6636 | D:6      | Reached skill level 1 in Invocations
  6742 | D:6      | Reached XP level 10. HP: 57/64 MP: 11/11
  7433 | D:6      | Noticed Grum
  7438 | D:6      | Killed Grum
  8208 | D:8      | Killed Maggie
  8324 | D:8      | Reached * piety under the Shining One
  9222 | D:9      | Found a staircase to the Lair.
  9328 | D:9      | Reached skill level 5 in Invocations
  9669 | D:9      | Reached XP level 11. HP: 61/69 MP: 13/15
  9975 | D:10     | Entered Level 10 of the Dungeon
 10003 | Lair:1   | Entered Level 1 of the Lair of Beasts
 10077 | D:10     | Noticed a two-headed ogre
 10081 | D:10     | Reached ** piety under the Shining One
 10096 | D:9      | Killed a two-headed ogre
 10912 | D:10     | Reached skill level 5 in Evocations
 11205 | D:11     | Found a portal to a secret trove of treasure.
 11243 | D:11     | Noticed a purple ugly thing
 11263 | D:11     | Killed a purple ugly thing
 11303 | D:11     | Noticed an orc knight
 11507 | D:11     | Reached *** piety under the Shining One
 11542 | D:11     | Reached XP level 12. HP: 68/76 MP: 17/17
 11627 | D:11     | Found a staircase to the Orcish Mines.
 11629 | D:11     | Found Betuasaf's Weapon Emporium.
 12808 | D:12     | Reached skill level 10 in Shields
 13016 | D:12     | Reached skill level 10 in Armour
 13101 | D:13     | Noticed a great orb of eyes
 13106 | D:13     | Noticed a centaur warrior
 13124 | D:13     | Killed a great orb of eyes
 13124 | D:13     | Reached skill level 10 in Fighting
 13130 | D:13     | Killed a centaur warrior
 13524 | D:13     | HP: 3/77 [freezing wraith (11)]
 14171 | Lair:1   | Reached XP level 13. HP: 83/83 MP: 20/20
 14205 | Lair:1   | Reached skill level 10 in Invocations
 14993 | Lair:2   | Found a runed translucent gate.
 14994 | Lair:2   | Found a runed translucent gate.
 14994 | Lair:2   | Found a runed translucent gate.
 14996 | Lair:2   | Noticed a minotaur
 14996 | Lair:2   | Noticed GeoCrane's ghost (journeyman MiFi)
 14996 | Lair:2   | Reached **** piety under the Shining One
 15082 | Lair:2   | You fall into a shaft and drop 2 floors!
 15382 | Lair:3   | Found a staircase to the Swamp.
 15630 | Lair:2   | Found a basalt altar of Yredelemnul.
 16237 | Lair:3   | Reached skill level 10 in Maces & Flails
 16273 | Lair:3   | Identified the Handbook of Destructive Curses
 16340 | Lair:3   | Found a runed translucent door.
 16341 | Lair:3   | Noticed Fyemolisk's ghost (journeyman KoGl)
 16755 | Lair:4   | Noticed Snorg
 17464 | Lair:4   | Found a staircase to the Snake Pit.
 17873 | Lair:4   | Gained mutation: Your large and strong wings let you fly
                  | indefinitely. [Gargoyle growth]
 17873 | Lair:4   | Reached XP level 14. HP: 79/90 MP: 22/22
 17908 | Lair:4   | The Shining One protects you from harm!
 19525 | D:13     | Noticed an ironheart preserver
 19557 | D:13     | Killed an ironheart preserver
 19603 | D:13     | Found a gate to the Vaults.
 20341 | D:14     | Found a frozen archway.
 20374 | IceCv    | Entered an ice cave
 20522 | IceCv    | Reached ***** piety under the Shining One
 20818 | IceCv    | Found an ancient bone altar of Kikubaaqudgha.
 20953 | IceCv    | Reached ****** piety under the Shining One
 21204 | D:14     | Noticed Rupert
 21207 | D:14     | Paralysed by Rupert for 2 turns
 21214 | D:14     | Killed Rupert
 21473 | D:14     | Reached XP level 15. HP: 82/96 MP: 24/24
 22239 | D:15     | Entered Level 15 of the Dungeon
 22280 | D:15     | Upgraded the game from 0.26-a0-591-g04f19ec95a to
                  | 0.26-a0-597-gb535b0901c
 22529 | D:15     | Found Kibuec's Weapon Emporium.
 22578 | D:15     | Got a bloodstained ring mail
 23000 | D:15     | Noticed a fire giant
 23020 | D:15     | Killed a fire giant
 23099 | D:15     | Found a staircase to the Depths.
 23169 | D:15     | Identified the +1 ring mail of the Orb {rPois rC+ Str+4}
                  | (You found it on level 15 of the Dungeon)
 23278 | Orc:1    | Entered Level 1 of the Orcish Mines
 23532 | Orc:2    | Entered Level 2 of the Orcish Mines
 23595 | Orc:2    | Found a roughly hewn altar of Beogh.
 23617 | Orc:2    | Found a staircase to the Elven Halls.
 23621 | Orc:2    | Reached skill level 1 in Dodging
 23628 | Orc:2    | Found a roughly hewn altar of Beogh.
 23820 | Orc:2    | Found a roughly hewn altar of Beogh.
 23821 | Orc:2    | Found Loqext's General Store.
 23999 | Orc:2    | Paralysed by an orc sorcerer for 4 turns
 24300 | Orc:2    | Noticed an orc warlord
 24308 | Orc:2    | Killed an orc warlord
 24314 | Orc:2    | Found Tamn's Antique Armour Boutique.
 24404 | Orc:2    | Found Tuwned's Antique Weapon Shop.
 24405 | Orc:2    | Found a roughly hewn altar of Beogh.
 24425 | Orc:2    | Bought a pair of runed boots for 210 gold pieces
 24459 | Orc:2    | Found a roughly hewn altar of Beogh.
 24460 | Orc:2    | Found a roughly hewn altar of Beogh.
 25074 | Orc:2    | Found a roughly hewn altar of Beogh.
 25191 | Orc:2    | Found Kasol's Magic Scroll Emporium.
 25196 | Orc:2    | Bought a scroll of enchant weapon for 90 gold pieces
 25196 | Orc:2    | Bought a scroll of fear for 42 gold pieces
 25196 | Orc:2    | Bought a scroll of enchant weapon for 90 gold pieces
 25196 | Orc:2    | Bought a scroll of enchant weapon for 90 gold pieces
 25196 | Orc:2    | Bought a scroll of enchant armour for 90 gold pieces
 25196 | Orc:2    | Bought a scroll of teleportation for 36 gold pieces
 25502 | Lair:1   | Gained mutation: You occasionally shout uncontrollably at
                  | your foes. [potion of mutation]
 25502 | Lair:1   | Gained mutation: You can translocate small distances at
                  | will. [potion of mutation]
 25502 | Lair:1   | Gained mutation: Your muscles are strong. (Str +2) [potion
                  | of mutation]
 25503 | Lair:1   | Lost mutation: You occasionally shout uncontrollably at
                  | your foes. [potion of mutation]
 25503 | Lair:1   | Lost mutation: You can translocate small distances at will.
                  | [potion of mutation]
 25503 | Lair:1   | Gained mutation: You are partially covered in large bone
                  | plates. (SH +4) [potion of mutation]
 25503 | Lair:1   | Gained mutation: You have large cloven feet. [potion of
                  | mutation]
 25503 | Lair:1   | Gained mutation: Your natural rate of healing is unusually
                  | fast. [potion of mutation]
 25503 | Lair:1   | Gained mutation: Your muscles are very strong. (Str +4)
                  | [potion of mutation]
 25577 | Snake:1  | Entered Level 1 of the Snake Pit
 25836 | Snake:1  | Reached XP level 16. HP: 104/104 MP: 8/26
 26807 | Lair:6   | Entered Level 6 of the Lair of Beasts
 27275 | Lair:6   | Found a large runed translucent door.
 27276 | Lair:6   | Found a large runed translucent door.
 27893 | Lair:6   | Found a runed translucent door.
 27893 | Lair:6   | Found a viscous altar of Jiyva.
 27893 | Lair:6   | Found a staircase to the Slime Pits.
 28374 | Swamp:1  | Entered Level 1 of the Swamp
 28445 | Swamp:1  | Found a glowing golden altar of the Shining One.
 28554 | Swamp:1  | Noticed Nikola
 28591 | Swamp:1  | Killed Nikola
 29143 | Swamp:2  | Noticed Jorgrun
 29171 | Swamp:2  | Killed Jorgrun
 29171 | Swamp:2  | Reached XP level 17. HP: 68/111 MP: 28/28
 29913 | Swamp:3  | Reached skill level 15 in Invocations
 30071 | Swamp:3  | Found a blossoming altar of Fedhas.
 30613 | Swamp:4  | Entered Level 4 of the Swamp
 31501 | Swamp:4  | Paralysed by a vampire knight for 6 turns
 31516 | Swamp:4  | Reached skill level 15 in Fighting
 31866 | Swamp:4  | Found a basalt altar of Yredelemnul.
 31880 | Swamp:4  | Got a decaying rune of Zot
 31900 | Swamp:4  | Found a blossoming altar of Fedhas.
 32063 | Swamp:4  | Reached XP level 18. HP: 91/119 MP: 29/29
 32461 | Depths:1 | Entered Level 1 of the Depths
 32816 | Depths:1 | Found a gateway to Hell.
 32951 | Depths:1 | Found a one-way gate to the infinite horrors of the Abyss.
 33363 | Depths:1 | Found a gateway to a ziggurat.
 33363 | Depths:1 | Noticed a lich
 34073 | Lair:2   | Killed GeoCrane's ghost
 34394 | Snake:2  | Found a runed translucent door.
 34438 | Snake:2  | Noticed Frances
 34448 | Snake:2  | Killed Frances
 34464 | Snake:2  | Found Wisui's Armour Shoppe.
 34499 | Snake:2  | Bought the +0 pair of boots "Bahuick" {Rampage MR++} for
                  | 258 gold pieces
 34499 | Snake:2  | Bought a +2 kite shield of reflection for 240 gold pieces
 34542 | Snake:2  | Noticed Azrael
 34585 | Snake:2  | Killed Azrael
 35276 | Snake:3  | Reached XP level 19. HP: 127/127 MP: 31/31
 35414 | Snake:3  | Identified the Reference Book on Feathery Hexes
 36047 | Snake:4  | Entered Level 4 of the Snake Pit
 36167 | Snake:4  | Noticed Vashnia
 36201 | Snake:4  | Killed Vashnia
 36380 | Snake:4  | Reached skill level 15 in Armour
 36417 | Snake:4  | Reached skill level 15 in Shields
 37277 | Snake:4  | Got a serpentine rune of Zot
 37638 | Elf:1    | Entered Level 1 of the Elven Halls
 37693 | Elf:1    | Noticed Agnes
 37712 | Elf:1    | Cast into level 2 of the Abyss (Agnes)
 37712 | Abyss:2  | Found a corrupted altar of Lugonu.
 37780 | Abyss:2  | Reached XP level 20. HP: 136/136 MP: 33/33
 37873 | Elf:1    | Escaped the Abyss
 37882 | Elf:1    | Killed Agnes
 38106 | Elf:1    | Identified the Guide on Creative Confrontation
 39365 | Elf:2    | Found a runed translucent gate.
 39367 | Elf:2    | Found a runed translucent gate.
 39370 | Elf:2    | Found a runed translucent gate.
 40032 | Elf:3    | Entered Level 3 of the Elven Halls
 40133 | Elf:3    | Reached XP level 21. HP: 90/144 MP: 30/34
 40672 | Elf:2    | Gained mutation: Your magical capacity is low. (-10% MP) [a
                  | cacodemon]
 40948 | Elf:3    | Reached skill level 15 in Maces & Flails
 41598 | Elf:3    | Identified the ring of Girajagiyt {rF+ MR+++ Str-4 Dex+2}
 41693 | Elf:3    | Found the +0 staff of Battle
 41707 | Elf:3    | Identified the Grimoire of Twisted Venom
 41724 | Elf:3    | Identified the Catalogue of Cloudy Conjuration
 41787 | Elf:3    | Got a faintly humming plate armour
 41804 | Elf:3    | Identified the cursed +1 plate armour "Gyan Zit" {rElec
                  | rF++ Dex-4 Stlth+} (You found it on level 3 of the Elven
                  | Halls)
 42193 | Lair:1   | Lost mutation: Your muscles are very strong. (Str +4)
                  | [potion of mutation]
 42193 | Lair:1   | Lost mutation: Your muscles are strong. (Str +2) [potion of
                  | mutation]
 42193 | Lair:1   | Lost mutation: Your magical capacity is low. (-10% MP)
                  | [potion of mutation]
 42193 | Lair:1   | Gained mutation: You are robust. (+10% HP) [potion of
                  | mutation]
 42193 | Lair:1   | Gained mutation: Your spells are a little harder to cast,
                  | but a little more powerful. [potion of mutation]
 42193 | Lair:1   | Gained mutation: Your flesh is cold resistant. (rC+)
                  | [potion of mutation]
 42288 | Swamp:1  | Identified a +4 sacred scourge of holy wrath (a +2 demon
                  | whip of electrocution blessed by the Shining One)
 42288 | Swamp:1  | Received a gift from the Shining One
 42403 | Lair:3   | Got a smoking leather armour
 42472 | Lair:3   | Killed Fyemolisk's ghost
 42527 | Lair:3   | Killed Snorg
 42930 | Vaults:1 | Entered Level 1 of the Vaults
 42996 | Vaults:1 | Found an ancient bone altar of Kikubaaqudgha.
 43335 | Vaults:1 | Reached XP level 22. HP: 166/167 MP: 36/36
 43349 | Vaults:1 | Identified a scroll of acquirement
 43349 | Vaults:1 | Acquired the +3 eveningstar of Daowekk {vorpal, +Rage
                  | Int+2}
 43823 | Vaults:1 | Found a runed translucent door.
 43823 | Vaults:1 | Found a shimmering altar of Xom.
 43823 | Vaults:1 | Noticed Lofupn's ghost (adept SpEn)
 43865 | Vaults:1 | Killed Lofupn's ghost
 43872 | Vaults:1 | Got a crude chain mail
 43873 | Vaults:1 | Identified the +7 chain mail of Hangman {rElec rC+} (You
                  | found it on level 1 of the Vaults)
 43893 | Vaults:1 | Found Zoufua Reha's Book Shoppe.
 45259 | Vaults:2 | Found Holigh's Assorted Antiques.
 45265 | Vaults:2 | Bought a potion of curing for 99 gold pieces
 45265 | Vaults:2 | Bought a bronze wand for 132 gold pieces
 45265 | Vaults:2 | Bought a scroll of enchant armour for 247 gold pieces
 45461 | Vaults:2 | Found a runed translucent gate.
 45461 | Vaults:2 | Noticed Siugipix's ghost (adept GrEE)
 45462 | Vaults:2 | Noticed Vusucy's ghost (adept GrEE)
 45462 | Vaults:2 | Noticed Viusuagh's ghost (adept MiSk)
 45463 | Vaults:2 | Found a runed translucent gate.
 45463 | Vaults:2 | Found a runed translucent gate.
 45463 | Vaults:2 | Noticed Plog's ghost (adept FeBe)
 45589 | Vaults:2 | Noticed Bai Suzhen
 45597 | Vaults:2 | Noticed Asterion
 45598 | Vaults:2 | Killed Bai Suzhen
 45612 | Vaults:2 | Killed Asterion
 45996 | Vaults:2 | Killed Vusucy's ghost
 46012 | Vaults:2 | Killed Plog's ghost
 46034 | Vaults:2 | Killed Siugipix's ghost
 46034 | Vaults:2 | Reached XP level 23. HP: 122/176 MP: 37/37
 46075 | Vaults:2 | Killed Viusuagh's ghost
 46075 | Vaults:2 | Reached skill level 10 in Evocations
 47230 | Vaults:3 | Found a staircase to the Crypt.
 47230 | Vaults:3 | Found a basalt altar of Yredelemnul.
 47231 | Vaults:3 | Found an ancient bone altar of Kikubaaqudgha.
 48214 | Vaults:4 | Noticed Aizul
 48229 | Vaults:4 | Killed Aizul
 48725 | Vaults:4 | Found Okhaor's Antique Weapon Emporium.
 49173 | Slime:1  | Entered Level 1 of the Pits of Slime
 49193 | Slime:2  | Gained mutation: Your body sometimes deteriorates upon
                  | taking damage. [a shining eye]
 49363 | Slime:3  | Gained mutation: You are agile. (Dex +2) [a shining eye]
 49370 | Slime:3  | Gained mutation: You tend to lose your temper in combat. [a
                  | shining eye]
 49434 | Slime:4  | Reached XP level 24. HP: 112/184 MP: 38/38
 49493 | Slime:5  | Entered Level 5 of the Pits of Slime
 49589 | Slime:5  | Noticed the Royal Jelly
 49614 | Slime:5  | Killed the Royal Jelly
 49621 | Slime:5  | HP: 5/185 [slime creature (11)]
 50017 | Slime:5  | Paralysed by a floating eye for 3 turns
 50243 | Slime:5  | Identified the Guide on Execration and Transmutation
 50286 | Slime:5  | Got a slimy rune of Zot
 50312 | Slime:5  | Got a dazzling demon trident
 50378 | Slime:2  | Lost mutation: Your spells are a little harder to cast, but
                  | a little more powerful. [a shining eye]
 50555 | Lair:1   | Identified the +6 demon trident of the End {flame, rPois
                  | Str+3 Dex-4 Stlth+} (You found it on level 5 of the Pits of
                  | Slime)
 50562 | Lair:1   | Acquired a +3 eveningstar of freezing
 50576 | Lair:1   | Lost mutation: You tend to lose your temper in combat.
                  | [potion of mutation]
 50576 | Lair:1   | Lost mutation: You are robust. (+10% HP) [potion of
                  | mutation]
 50576 | Lair:1   | Gained mutation: You tend to lose your temper in combat.
                  | [potion of mutation]
 50576 | Lair:1   | Lost mutation: You are agile. (Dex +2) [potion of mutation]
 50576 | Lair:1   | Gained mutation: You are covered in fur. (AC +1) [potion of
                  | mutation]
 50577 | Lair:1   | Lost mutation: Your flesh is cold resistant. (rC+) [potion
                  | of mutation]
 50577 | Lair:1   | Lost mutation: You tend to lose your temper in combat.
                  | [potion of mutation]
 50577 | Lair:1   | Lost mutation: Your body sometimes deteriorates upon taking
                  | damage. [potion of mutation]
 50577 | Lair:1   | Gained mutation: Your mind is acute. (Int +2) [potion of
                  | mutation]
 50577 | Lair:1   | Gained mutation: You have hoof-like feet. [potion of
                  | mutation]
 50577 | Lair:1   | Gained mutation: You evolve. [potion of mutation]
 50577 | Lair:1   | Gained mutation: You are covered in thick fur. (AC +2)
                  | [potion of mutation]
 51395 | Depths:2 | Lost mutation: Your natural rate of healing is unusually
                  | fast. [evolution]
 51395 | Depths:2 | Lost mutation: You evolve. [end of evolution]
 52082 | Depths:2 | Got a scintillating lead ring
 52141 | Depths:2 | Found Zalime's Distillery.
 52149 | Depths:2 | Bought a potion of resistance for 140 gold pieces
 52149 | Depths:2 | Bought a potion of might for 56 gold pieces
 52149 | Depths:2 | Bought a potion of haste for 140 gold pieces
 52149 | Depths:2 | Bought a potion of curing for 42 gold pieces
 52149 | Depths:2 | Bought a potion of curing for 42 gold pieces
 52149 | Depths:2 | Bought a potion of heal wounds for 70 gold pieces
 52149 | Depths:2 | Bought a potion of haste for 140 gold pieces
 52430 | Depths:3 | Reached XP level 25. HP: 176/176 MP: 38/38
 52811 | Depths:3 | Found a one-way gate leading to the halls of Pandemonium.
 52992 | Depths:3 | Identified the ring "Pywkikk" {*Tele rElec Str+2 Int+3}
                  | (You found it on level 2 of the Depths)
 53825 | Depths:3 | Noticed an ancient lich
 53843 | Depths:3 | Killed an ancient lich
 53861 | Depths:3 | Identified Laejof's Collected Works on Torrid
                  | Transmigration
 53864 | Depths:3 | Got a bloodstained chain mail
 55909 | Depths:5 | Entered Level 5 of the Depths
 55927 | Depths:5 | Reached XP level 26. HP: 102/184 MP: 33/39
 55951 | Depths:5 | Identified the +7 tower shield of Insurance {Str+5}
 56020 | Depths:5 | Found a gate to the Realm of Zot.
 56058 | Depths:5 | Found a magical portal.
 56072 | WizLab   | Entered The Chambers of the Cloud Mage
 56481 | WizLab   | Paralysed by you for 6 turns
 56562 | WizLab   | Identified the Almanac of the Birds
 57375 | Lair:1   | Identified a +1 pair of boots of running (You found it in a
                  | wizard's laboratory)
 57376 | Lair:1   | Identified the +6 chain mail of the Equinox {rN++} (You
                  | found it on level 3 of the Depths)
 57559 | Hell     | Entered the Vestibule of Hell
 57559 | Hell     | Noticed Geryon
 57603 | Hell     | Killed Geryon
 57610 | Hell     | Noticed Murray
 57647 | Hell     | Killed Murray
 57878 | Hell     | Found a gateway to the freezing wastes of Cocytus.
 57940 | Hell     | Found a gateway to the Iron City of Dis.
 57993 | Hell     | Found a gateway to the ashen valley of Gehenna.
 58061 | Hell     | Found a gateway to the decaying netherworld of Tartarus.
 58191 | Coc:1    | Entered Level 1 of Cocytus
 58331 | Coc:1    | Reached XP level 27. HP: 193/193 MP: 39/39
 58446 | Coc:1    | Upgraded the game from 0.26-a0-597-gb535b0901c to
                  | 0.26-a0-598-g61e6210cf4
 62753 | Coc:5    | You are sucked into a shaft and drop 1 floor!
 63767 | Coc:7    | Entered Level 7 of Cocytus
 63921 | Coc:7    | Reached skill level 27 in Fighting
 64075 | Coc:7    | Reached skill level 5 in Dodging
 64375 | Coc:7    | Identified the +1 battleaxe "Ecluor" {venom, MR++}
 64416 | Coc:7    | Noticed Antaeus
 64470 | Coc:7    | Killed Antaeus
 64578 | Coc:7    | Identified the +8 shortbow of Mitsuki's Anguish {venom,
                  | *Drain rN++ Str+3 Int+2}
 64578 | Coc:7    | Identified the +1 chain mail of Wisdom {Harm MP+9}
 64578 | Coc:7    | Identified the amulet of Secrets {RegenMP Str+4}
 64603 | Coc:7    | Got an icy rune of Zot
 64610 | Coc:7    | Got a smoking turquoise ring
 65021 | Coc:7    | Identified the Reference Book on Shape Shifting and
                  | Conjuration
 65543 | Coc:7    | Upgraded the game from 0.26-a0-598-g61e6210cf4 to
                  | 0.26-a0-599-gc8f6553d2c
 65703 | Dis:1    | Entered Level 1 of the Iron City of Dis
 65739 | Hell     | Reached skill level 27 in Invocations
 65990 | Lair:1   | Identified the ring "Waneet" {rC+ MP+9} (You found it on
                  | level 7 of Cocytus)
 67936 | Dis:2    | You fall into a shaft and drop 2 floors!
 68677 | Dis:2    | Reached skill level 10 in Dodging
 69548 | Dis:3    | Found a huge runed gate.
 69548 | Dis:3    | Found a huge runed gate.
 69549 | Dis:3    | Found a huge runed gate.
 69550 | Dis:3    | Found a huge runed gate.
 69551 | Dis:3    | Found a huge runed gate.
 69553 | Dis:3    | Found a huge runed gate.
 69553 | Dis:3    | Found a huge runed gate.
 69556 | Dis:3    | Found a huge runed gate.
 69557 | Dis:3    | Found a huge runed gate.
 69557 | Dis:3    | Found a huge runed gate.
 69557 | Dis:3    | Found a huge runed gate.
 69557 | Dis:3    | Found a huge runed gate.
 69557 | Dis:3    | Found a huge runed gate.
 69568 | Dis:3    | Found a huge runed gate.
 69568 | Dis:3    | Found a huge runed gate.
 69568 | Dis:3    | Found a huge runed gate.
 69568 | Dis:3    | Found a huge runed gate.
 69583 | Dis:3    | Found a huge runed gate.
 69584 | Dis:3    | Found a huge runed gate.
 69585 | Dis:3    | Found a huge runed gate.
 69586 | Dis:3    | Found a huge runed gate.
 69588 | Dis:3    | Found a huge runed gate.
 69872 | Dis:3    | Found a huge runed gate.
 69872 | Dis:3    | Found a huge runed gate.
 69901 | Dis:3    | Found a huge runed gate.
 69901 | Dis:3    | Found a huge runed gate.
 69902 | Dis:3    | Found a huge runed gate.
 69903 | Dis:3    | Found a huge runed gate.
 70407 | Dis:4    | You fall into a shaft and drop 2 floors!
 73115 | Dis:7    | Entered Level 7 of the Iron City of Dis
 74576 | Dis:7    | Gained mutation: You are weak. (Str -2) [a cacodemon]
 75216 | Dis:7    | Got a vibrating bone ring
 75220 | Dis:7    | Got faintly humming ice dragon scales
 75230 | Dis:7    | Got a pair of shimmering gloves
 75746 | Dis:7    | Identified the +4 staff of Dispater
 75746 | Dis:7    | Noticed Dispater
 75803 | Dis:7    | The Shining One protects you from harm!
 75804 | Dis:7    | Killed from afar by a hellion

Illustrated notes

Levels and vault maps discovered:
D:1:      lightli_arrival_windingriver, layout_basic
D:2:      layout_rooms
D:3:      layout_basic, uniq_terence
D:4:      layout_rooms, grunt_ministairs_13, serial_bayou_lagoon_a,
          minmay_misc_feat_tiny, chequers_serial_rivers_large_a,
          uniq_crazy_yiuf_cottage
D:5:      layout_rooms, lemuel_round_altar, uniq_sigmund
D:6:      layout_cave_pools, minmay_temple_entry_large_hall, serial_gnoll_camp,
          gnoll_camp_mini_loothouse, gnoll_camp_huts_basic,
          gnoll_camp_mini_basic, grums_kennel, gnoll_camp_mini_hut, uniq_pikel
D:7:      layout_gridville, enter_ossuary_1
D:8:      layout_basic, uniq_grum, uniq_maggie
D:9:      layout_irregular_city, erik_lair_orcish_takeover
D:10:     layout_loops_ring
D:11:     layout_basic, orc_david_3, nicolae_trove_entry_columns,
          gauntlet_entry_generic
D:12:     layout_roguey
D:13:     cheibrodos_elevator_heist, layout_basic,
          skrybe_vaults_entry_preservation
D:14:     layout_basic, roderic_lattice_a, portal_ice_cave_entry_ice_beasts,
          uniq_rupert
D:15:     grunt_enter_depths_giant_problem, layout_cave_pools, serial_shops,
          shop_statue
Temple:   regret_index_temple_sigil_plot
Lair:1:   layout_cellular_growth, infiniplex_staircase_pool, grunt_megastairs_4,
          serial_bayou_shore_b
Lair:2:   layout_big_grid, basic_altar, maelrawn_ghost_gauntlet_escape,
          serial_forest, infiniplex_forest_clump_small,
          infiniplex_forest_lined_4_way, infiniplex_forest_corner_1,
          infiniplex_forest_clump_double, infiniplex_forest_lined_3,
          infiniplex_forest_end_3, lemuel_fruit_fields
Lair:3:   layout_chaotic_city, swamp_mist, gammafunk_ghost_grave,
          serial_bayou_lagoon_b, minmay_lair_oklob_chamber
Lair:4:   layout_regular_city, guppyfry_snake_entry_island, lemuel_fruit_tree,
          lemuel_fruit_fields, uniq_snorg
Lair:5:   layout_small_grid, beast_lair_carwin_3
Lair:6:   cheibrodos_lair_end_hotspot, layout_regular_city, slime_altar_2
Swamp:1:  layout_basic_swamp, nicolae_swamp_feature_on_the_river_bank,
          uniq_nikola
Swamp:2:  layout_basic_swamp, evilmike_swamp_ruin_rubble_2, uniq_jorgrun
Swamp:3:  layout_basic_swamp, serial_swamp_ruin, evilmike_swamp_ruin_house_6,
          evilmike_swamp_ruin_rubble_1, swamp_pool1, lemuel_altar_in_water2
Swamp:4:  byrel_swamp_growth_death_and_undeath, layout_basic_swamp, swamp_pool4,
          infiniplex_staircase_pool_2
Snake:1:  nrook_guardian_serpent_snake_passage, layout_misc_corridors,
          st_stairs_9, nicolae_snake_single_loop
Snake:2:  layout_misc_corridors, serial_shops, shop_fountains, lightli_airlock,
          uniq_azrael, uniq_frances
Snake:3:  layout_gridlike
Snake:4:  snake_pit_salamanders_mu, layout_onion_interference, uniq_vashnia
Slime:1:  layout_caves
Slime:2:  layout_caves, basic_altar
Slime:3:  layout_caves
Slime:4:  layout_caves
Slime:5
Orc:1:    layout_diamond_mine
Orc:2:    grunt_orc_community_town_hall, layout_caves,
          grunt_orc_community_big_house_2, grunt_orc_community_big_house_1,
          grunt_orc_community_house_2, grunt_orc_community_house_2,
          grunt_orc_community_house_2, grunt_orc_community_house_2,
          grunt_orc_community_house_2
Elf:1:    eino_elf_arrival_the_gate, layout_loops_ring, minmay_elf_sorcery,
          uniq_agnes
Elf:2:    layout_geoelf_grid
Elf:3:    minmay_elf_hall_four_x, layout_gridlike
Vaults:1: ebering_vaults_ghost_xom, nicolae_vaults_holding_cells,
          vaults_mumra_hex, v_rooms_1, v_misc_12, vaults_room_door_hall,
          vaults_room_grid, hangedman_vaults_slice, ontoclasm_vaults_eye,
          nicolae_vaults_little_squares_5, layout_vaults_omnigrid, serial_shops,
          shop, basic_altar
Vaults:2: gammafunk_vaults_ghost_cemetery, hangedman_vaults_nails,
          vaults_mumra_minichess, nicolae_vaults_asterisk,
          vaults_room_semicircle, st_smaller_cells,
          nicolae_vaults_little_squares_3, nicolae_vaults_network_barrier,
          vaults_mumra_lcd, v_misc_4, v_misc_10, vaults_dpeg_cross, v_misc_8,
          nicolae_vaults_windows_and_doors_thing, layout_vaults_omnibox,
          serial_shops, shop, uniq_margery, uniq_bai_suzhen, uniq_asterion
Vaults:3: hangedman_vaults_locks, minmay_crypt_entry_necro_gods,
          hangedman_vaults_nails, ontoclasm_vaults_bender, v_misc_11,
          nicolae_vaults_shelves_hall, hangedman_vaults_trim,
          ontoclasm_vaults_ring_small, vaults_room_pool,
          nicolae_vaults_specimen_jars, layout_vaults_chaotic_city
Vaults:4: ontoclasm_vaults_decontamination, v_alt_pattern_1,
          ontoclasm_vaults_misaligned, v_misc_16, nicolae_vaults_big_ls,
          v_misc_29, nicolae_vaults_shelves_hall,
          nicolae_vaults_yaktaur_gun_rack, vaults_room_corners,
          hangedman_vaults_variations, layout_vaults_maze, serial_shops,
          nicolae_shop_behind_doors, uniq_aizul
Depths:1: layout_small_grid, enter_ziggurat_c, abyss_entry, hell_entry,
          hangedman_abyss_or_decor_stagger, chequers_serial_rivers_small_3,
          serial_bayou_pond_d, minmay_tree_intersection, grunt_ministairs_1,
          kennysheep_generic_room_3
Depths:2: minmay_the_grid_four_pointed_star
          [minmay_the_grid_triangle_9x9_dagger,
          minmay_the_grid_triangle_9x9_corruption,
          minmay_the_grid_triangle_9x9_warning,
          minmay_the_grid_triangle_9x9_thin_v,
          minmay_the_grid_prize_shrinking_boxes], layout_gridlike,
          pf_coc_iceberg, serial_sigils_hangedman_shear, serial_shops, shop
Depths:3: constructs_gauntlet_mu_hangedman, layout_gridlike, grunt_metal_band,
          minmay_crystal_water, rand_demon_pan_entry_5, serial_bayou_shore_a,
          minmay_staircase_windowed_large
Depths:4: hangedman_arrow_trap, layout_basic, hangedman_decor_diamond_cutter,
          hell_entry, minmay_room_of_horrors
Depths:5: grunt_crosshair, layout_cross, mu_enter_wizlab_5, glass_columns_c,
          hell_entry
Hell
Dis:1:    layout_subdivisions, evilmike_ambush [evilmike_ambush_outer_pillars,
          evilmike_ambush_inner_basic]
Dis:2:    layout_regular_city
Dis:3:    layout_gridville, door_vault
Dis:4:    layout_jigsaw
Dis:5:    layout_chaotic_city, evilmike_ambush [evilmike_ambush_outer_basic,
          evilmike_ambush_inner_cross]
Dis:6:    layout_subdivisions
Dis:7:    dis_st
Coc:1:    layout_cocytus_water_paths
Coc:2:    layout_cocytus_water_paths
Coc:3:    layout_cocytus_water_paths
Coc:4:    layout_cocytus_water_paths
Coc:5:    layout_cocytus_water_paths
Coc:6:    layout_cocytus_water_paths
Coc:7:    coc_hangedman

Skill      XL: |  1  2  3  4  5  6  7  8  9 10 11 12 13 14 15 16 17 18 19 20 21 22 23 24 25 26 27 |
---------------+----------------------------------------------------------------------------------+-----
Shields        | 4 5 7 8 9 10 11 12 13 14 15 18 | 18.5
Armour         | 4 5 7 8 9 10 11 12 13 14 15 16 17 18 19 20 25 | 25.2
Fighting       | 4 5 7 8 9 10 11 13 14 15 16 17 19 20 21 22 23 24 25 27 | 27.0
Maces & Flails | 3 4 5 6 7 8 9 10 11 12 13 14 15 16 17 22 | 22.4
Evocations     | 1 3 4 5 6 7 8 9 10 | 10.0
Invocations    | 1 5 7 9 11 13 14 15 17 18 19 20 21 22 23 24 25 27 | 27.0
Dodging        | 2 13 | 13.4

Action                   |  1- 3 |  4- 6 |  7- 9 | 10-12 | 13-15 | 16-18 | 19-21 | 22-24 | 25-27 || total
-------------------------+-------+-------+-------+-------+-------+-------+-------+-------+-------++-------
Melee: Flail             |   131 |    39 |   193 |   971 |  1695 |  1949 |   539 |       |       ||  5517
       Whip              |       |   351 |    34 |       |       |       |       |       |       ||   385
       Mace              |       |       |   310 |       |   121 |   207 |       |       |       ||   638
       Morningstar       |       |       |       |       |       |       |   625 |       |       ||   625
       Eveningstar       |       |       |       |       |       |       |   539 |  1892 |   107 ||  2538
       Sacred scourge    |       |       |       |       |       |       |   228 |   453 |  6216 ||  6897
       Kick              |       |       |       |       |       |       |       |   187 |  2582 ||  2769
Invok: Divine Shield     |       |       |       |     2 |     4 |     6 |     3 |       |    10 ||    25
       Summon Divine War |       |       |       |       |     4 |     2 |     1 |     2 |     9 ||    18
       Cleansing Flame   |       |       |       |       |     1 |     1 |     4 |     2 |    23 ||    31
       Brand Weapon With |       |       |       |       |       |       |     1 |       |       ||     1
 Abil: Fly               |       |       |       |       |       |     1 |       |       |     3 ||     4
       Evoke Berserk Rag |       |       |       |       |       |       |       |     2 |       ||     2
       Stop Flying       |       |       |       |       |       |       |       |       |     4 ||     4
Evoke: Wand              |       |       |       |     1 |    17 |       |    11 |     3 |     5 ||    37
       Phial of floods   |       |       |       |       |     1 |       |     1 |     1 |     1 ||     4
       Tin of tremorston |       |       |       |       |       |       |     3 |     3 |    11 ||    17
       Box of beasts     |       |       |       |       |       |       |       |     2 |     2 ||     4
       Lightning rod     |       |       |       |       |       |       |       |       |     4 ||     4
  Use: Potion            |     1 |     1 |       |     5 |     7 |     1 |     5 |     4 |     9 ||    33
       Scroll            |       |     7 |     7 |     9 |    11 |     3 |    13 |     8 |    16 ||    74
Armor: Scale mail        |   111 |   103 |       |       |       |       |       |       |       ||   214
       Chain mail        |       |    92 |   341 |   479 |   966 |  1108 |   746 |  1220 |  2504 ||  7456
       Skin              |       |       |       |    29 |       |       |       |       |       ||    29
Dodge: Dodged            |    59 |   101 |   141 |   220 |   488 |   466 |   414 |   574 |  1224 ||  3687
Block: Kite shield       |   110 |   202 |   383 |   778 |  1494 |  1910 |  1737 |  2061 |  4604 || 13279
       Reflection        |       |       |       |       |       |     9 |   182 |   116 |    66 ||   373

Table legend: (Time is in decaauts)
 A = Elapsed time spent in this place.
 B = Non-inter-level travel time spent in this place.
 C = Inter-level travel time spent in this place.
 D = Time resting spent in this place.
 E = Time spent auto-exploring this place.
 F = Levels seen in this place.
 G = Mean time per level.
                   A        B        C        D        E       F      G
               +--------+--------+--------+--------+--------+-----+--------+
         Total |  71144 |  64984 |   6160 |   3591 |  39207 |  68 | 1046.2 |
       Dungeon |  18349 |  16029 |   2320 |   1025 |   9916 |  15 | 1223.3 |
        Temple |    269 |    241 |     28 |      0 |    234 |   1 |  269.0 |
          Lair |   8544 |   7028 |   1516 |    326 |   4451 |   6 | 1424.0 |
         Swamp |   3728 |   3336 |    392 |    300 |   1950 |   4 |  932.0 |
     Snake Pit |   4077 |   3800 |    277 |    114 |   2296 |   4 | 1019.2 |
    Slime Pits |   1162 |   1139 |     23 |    515 |      8 |   5 |  232.4 |
  Orcish Mines |   2129 |   1981 |    148 |    217 |   1143 |   2 | 1064.5 |
   Elven Halls |   4031 |   3835 |    196 |    631 |   1770 |   3 | 1343.7 |
        Vaults |   5473 |   5202 |    271 |    100 |   3329 |   4 | 1368.2 |
        Depths |   6407 |   5984 |    423 |    147 |   3995 |   5 | 1281.4 |
          Hell |    582 |    496 |     86 |      0 |    259 |   1 |  582.0 |
           Dis |   8321 |   8080 |    241 |     61 |   5537 |   7 | 1188.7 |
       Cocytus |   6377 |   6143 |    234 |      2 |   3851 |   7 |  911.0 |
         Abyss |    154 |    154 |      0 |      0 |    112 |   1 |  154.0 |
       Ossuary |    262 |    262 |      0 |     19 |     58 |   1 |  262.0 |
      Ice Cave |    735 |    735 |      0 |    104 |    172 |   1 |  735.0 |
        Wizlab |    537 |    537 |      0 |     26 |    125 |   1 |  537.0 |
               +--------+--------+--------+--------+--------+-----+--------+

Top non-repeatable levels by time:
   Dis:7: 2274 daAuts
Depths:3: 1885 daAuts
   Elf:2: 1882 daAuts
     D:4: 1726 daAuts
    D:11: 1680 daAuts
     D:9: 1649 daAuts
  Lair:3: 1610 daAuts
  Lair:1: 1595 daAuts
   Coc:7: 1570 daAuts
  Lair:6: 1556 daAuts
   Orc:2: 1533 daAuts
     D:5: 1495 daAuts
Vaults:1: 1491 daAuts
Vaults:2: 1467 daAuts
Vaults:3: 1465 daAuts
